 Dungeon Crawl Stone Soup version 0.28-a0-21-gf74fda84f9 (webtiles) character file.

Game seed: 14788915356905580977

41 Spaninq the Sneak (level 3, -2/16 HPs)
             Began as a Spriggan Enchanter on July 26, 2021.
             Slain by Sigmund (7 damage)
             ... on level 2 of the Dungeon.
             The game lasted 00:05:51 (1581 turns).

Spaninq the Sneak (Spriggan Enchanter)              Turns: 1581, Time: 00:05:52

Health: -2/16      AC:  2    Str:  4    XL:     3   Next: 32%
Magic:  7/8        EV: 18    Int: 16    God:
Gold:   29         SH:  0    Dex: 16    Spells: 5/8 levels left

rFire   . . .      SeeInvis +   a - +1 dagger
rCold   . . .      Faith    .   (shield restricted)
rNeg    . . .      Spirit   .   b - +0 robe
rPois   .          Reflect  .   (helmet restricted)
rElec   .          Harm     .   (no cloak)
rCorr   .          Rampage  .   (gloves unavailable)
Will    .....                   (boots unavailable)
Stlth   +++.......              (no amulet)
HPRegen 0.05/turn               (no ring)
MPRegen 0.11/turn               (no ring)

@: very quick
A: very small, no large weapons, unfitting armour, see invisible, speed 3
a: no special abilities


You were on level 2 of the Dungeon.
You visited 1 branch of the dungeon, and saw 2 of its levels.

You collected 29 gold pieces.

Inventory:

Hand Weapons
 a - a +1 dagger (weapon)
Armour
 b - a +0 robe (worn)
Scrolls
 e - 2 scrolls of identify {unknown}
 i - a scroll of enchant weapon {unknown}
Potions
 c - a potion of curing {unknown}
 d - 2 potions of resistance {unknown}
 f - a potion of haste {unknown}
 g - a potion of berserk rage {unknown}
 h - a potion of lignification {unknown}


   Skills:
 + Level 2.1 Short Blades
 + Level 3.2 Dodging
 + Level 4.9 Stealth
 + Level 3.1 Spellcasting
 * Level 4.0 Hexes


You had 5 spell levels left.
You knew the following spells:

 Your Spells              Type           Power      Damage    Failure   Level
a - Corona                Hex            16%        N/A       3%          1
b - Ensorcelled Hibernat  Hex/Ice        16%        N/A       12%         2

Your spell library contained the following spells:

 Spells                   Type           Power      Damage    Failure   Level
 Confusing Touch          Hex            15%        N/A       11%         3
 Tukima's Dance           Hex            15%        N/A       11%         3
 Dazzling Flash           Conj/Hex       16%        N/A       24%         3
 Ignite Poison            Fire/Tmut/Pois 2%         N/A       50%         3
 Mephitic Cloud           Conj/Pois/Air  2%         N/A       50%         3
 Bolt of Magma            Conj/Fire/Erth 1%         4d4       99%         5


Dungeon Overview and Level Annotations

Branches:
Dungeon (2/15)

Altars:

Annotations:
D:2 Sigmund


Innate Abilities, Weirdness & Mutations

You are very small and have problems with some larger weapons.
You are too small for most types of armour.
You have supernaturally acute eyesight. (SInv)
You cover ground extremely quickly. (Speed+++)


Message History

Aiming: Ensorcelled Hibernation (safe; 12% risk of failure)
Press: ? - help, Shift-Dir - straight line, f - Sigmund
Aim: Sigmund, wielding a +0 scythe and wearing a +0 robe (chance to affect: 49%) Sigmund looks drowsy...
The helpless Sigmund fails to defend himself.
You impale Sigmund!!
Sigmund is almost dead.
Sigmund gestures at you while chanting.
You are confused.
You miss Sigmund.
Sigmund is almost dead.
You hit Sigmund.
Sigmund is almost dead.
Sigmund hits you with a +0 scythe.
You barely miss Sigmund.
Sigmund is almost dead.
Sigmund barely misses you.
You completely miss Sigmund.
Sigmund is almost dead.
Sigmund misses you.
You bump into the rock wall.
Sigmund misses you.
You're too confused to move!
Sigmund gestures at you while chanting. The puff of flame hits you!
Ouch! That really hurt!
Sigmund completely misses you.
You see here a +0 dagger.
You hit Sigmund but do no damage.
Sigmund is almost dead.
You feel less confused.
Sigmund mumbles some strange words.
Sigmund flickers and vanishes for a moment.
Casting: Ensorcelled Hibernation (safe; 12% risk of failure)
Confirm with . or Enter, or press ? or * to list all spells.
Aiming: Ensorcelled Hibernation (safe; 12% risk of failure)
Press: ? - help, Shift-Dir - straight line, f/p - Sigmund
Aim: Sigmund, wielding a +0 scythe and wearing a +0 robe (almost dead, slightly transparent, not susceptible)
Okay, then.
Sigmund hits you from afar with a +0 scythe!
You die...

...#...#...####
##..........#
.........#.#
####............
....#....#.. ##.
#####......#.## #
.......)@###.#####
#####.#..#÷......#
.(....#..@..####.#
.......$.......#.#
.##.#....#.#...#.#
#...##...#.#.#
#........###.#
#.#.##.......#
#...##†#.#####
######.#...
#.#######


You could see Sigmund (invisible).

Vanquished Creatures
  An adder (D:2)
  A ball python (D:1)
  4 bats (D:1)
  3 endoplasms
  A giant cockroach (D:1)
  4 hobgoblins
  5 jackals (D:1)
  2 frilled lizards
  2 goblins (D:1)
  A kobold (D:2)
  5 rats (D:1)
29 creatures vanquished.

Notes
Turn   | Place    | Note
-------+----------+-------------------------------------------
     0 | D:1      | Spaninq the Spriggan Enchanter began the quest for the Orb.
     0 | D:1      | Reached XP level 1. HP: 9/9 MP: 5/5
   457 | D:1      | Reached XP level 2. HP: 13/13 MP: 6/6
   460 | D:1      | Learned a level 2 spell: Ensorcelled Hibernation
  1268 | D:2      | Noticed Sigmund
  1335 | D:2      | Reached XP level 3. HP: 16/16 MP: 5/8
  1581 | D:2      | Slain by Sigmund

Illustrated notes

Levels and vault maps discovered:
D:1:      saegor_arrival_simple_e, layout_rooms
D:2:      minmay_spotlight, layout_basic, ebering_ecumenical_altar_ruins,
          basic_altar, minmay_misc_feat_rows, chequers_serial_rivers_room_a,
          uniq_sigmund, uniq_natasha

Skill      XL: |  1  2  3 |
---------------+----------+-----
Spellcasting   | 3 |  3.1
Dodging        | 3 |  3.2
Short Blades   | 2 |  2.1
Hexes          | 4 |  4.0
Stealth        | |  4.9

Action                   || total
-------------------------++-------
Melee: Dagger            ||    91
 Cast: Ensorcelled Hiber ||    26
 Stab: Sleeping          ||    20
Armor: Robe              ||    18
Dodge: Dodged            ||    79

Table legend: (Time is in decaauts)
 A = Elapsed time spent in this place.
 B = Non-inter-level travel time spent in this place.
 C = Inter-level travel time spent in this place.
 D = Time resting spent in this place.
 E = Time spent auto-exploring this place.
 F = Levels seen in this place.
 G = Mean time per level.
                   A        B        C        D        E       F      G
               +--------+--------+--------+--------+--------+-----+--------+
         Total |   1312 |   1289 |     23 |    693 |    281 |   2 |  656.0 |
       Dungeon |   1312 |   1289 |     23 |    693 |    281 |   2 |  656.0 |
               +--------+--------+--------+--------+--------+-----+--------+

Top non-repeatable levels by time:
     D:1: 1052 daAuts
     D:2: 260 daAuts
